 Dungeon Crawl Stone Soup version 0.29-a0-474-gdfe5cd140f (webtiles) character file.

Game seed: 377249790477404148

9377 SheriTansorma the Bludgeoner (level 11, -12/89 HPs)
             Began as a Minotaur Fighter on May 23, 2022.
             Was an Elder of Okawaru.
             Mangled by a tentacled starspawn (19 damage)
             ... on level 2 of the Abyss.
             The game lasted 01:11:45 (14715 turns).

SheriTansorma the Bludgeoner (Minotaur Fighter)    Turns: 14715, Time: 01:11:46

Health: -12/89     AC: 19    Str: 35    XL:     11   Next: 22%
Magic:  28/28      EV:  5    Int:  5    God:    Okawaru [****..]
Gold:   572        SH:  0    Dex:  9    Spells: 10/10 levels left

rFire   . . .      SeeInvis .   v - +7 mace of Variability {chain chaos}
rCold   . . .      Faith    .   (shield currently unavailable)
rNeg    . . .      Spirit   .   j - +1 plate armour
rPois   .          Reflect  .   (helmet restricted)
rElec   .          Harm     .   c - scarf {repulsion}
rCorr   .          Rampage  .   r - +4 pair of gloves of the Snail {Str+3}
Will    .....      Clarity  +   g - +0 pair of boots
Stlth   ..........              k - amulet "Owubehek" {Regen+ MP+9}
HPRegen 1.04/turn               i - +6 ring of strength
MPRegen 0.21/turn               K - ring of magical power

@: constricted, repel missiles
A: horns 2, retaliatory headbutt, clarity, wild magic 1
a: Renounce Religion, Heroism, Finesse


You were on level 2 of the Abyss.
You worshipped Okawaru.
Okawaru was greatly pleased with you.
You visited 2 branches of the dungeon, and saw 11 of its levels.
You visited the Abyss 1 time.

You collected 572 gold pieces.

Inventory:

Hand Weapons
 v - the +7 mace of Variability (weapon) {chain chaos}
   (You found it on level 3 of the Dungeon)

   Each time it hits an enemy it has a different, random effect.
   It occasionally unleashes arcs of chaos on nearby creatures upon striking a
   foe.
Missiles
 l - 12 poisoned darts
 x - 6 javelins (quivered)
 y - 2 throwing nets
Armour
 c - a scarf of repulsion (worn)
 g - a +0 pair of boots (worn)
 j - a +1 plate armour (worn)
 r - the +4 pair of gloves of the Snail (worn) {Str+3}
   (You found it on level 3 of the Dungeon)

   Str:       It affects your strength (+3).
Jewellery
 i - a +6 ring of strength (left hand)
 k - the amulet "Owubehek" (around neck) {Regen+ MP+9}
   (You acquired it on level 8 of the Dungeon)

   [amulet of regeneration]

   MP:        It affects your magic capacity (+9).
   Regen:     It increases your rate of health regeneration.
 m - a ring of wizardry
 z - a ring of ice
 H - an amulet of the acrobat
 K - a ring of magical power (right hand)
Wands
 t - a wand of mindburst (12)
 C - a wand of paralysis (4)
 G - a wand of flame (20)
 J - a wand of acid (10)
 L - a wand of iceblast (7)
Scrolls
 a - 2 scrolls of fear
 n - a scroll of identify
 o - 2 scrolls of fog
 p - 5 scrolls of magic mapping
 q - 6 scrolls of teleportation
 A - 4 scrolls of noise
 B - a scroll of enchant armour
 E - a scroll of vulnerability
 F - a scroll of poison
 I - a scroll of enchant weapon {unknown}
Potions
 b - 2 potions of attraction {unknown}
 d - 2 potions of might
 e - 2 potions of haste
 f - 5 potions of curing
 h - 3 potions of brilliance {unknown}
 s - 2 potions of flight {unknown}
 w - 2 potions of heal wounds {unknown}
 D - a potion of invisibility {unknown}
 M - a potion of mutation


   Skills:
 - Level 5.8 Fighting
 - Level 3.5(4.0) Short Blades
 - Level 2.9(3.9) Long Blades
 + Level 18.9 Maces & Flails
 - Level 0.9 Polearms
 - Level 4.3 Armour
 - Level 4.3 Shields


You had 10 spell levels left.
You didn't know any spells.
Your spell library contained the following spells:

 Spells                   Type           Power      Damage    Failure   Level
 Beastly Appendage        Tmut           0%         N/A       99%         1
 Necrotize                Necr           0%         1d4       99%         1
 Slow                     Hex            0%         N/A       99%         1
 Sublimation of Blood     Necr           0%         N/A       100%        2
 Wereblood                Tmut           0%         N/A       100%        2
 Confusing Touch          Hex            0%         N/A       100%        3
 Spider Form              Tmut/Pois      0%         N/A       100%        3
 Vampiric Draining        Necr           0%         2d6       100%        3
 Corpse Rot               Necr/Pois/Air  0%         N/A       100%        4
 Dispel Undead            Necr           0%         3d6       100%        4
 Yara's Violent Unravell  Hex/Tmut       0%         3d3       100%        5
 Enfeeble                 Hex            0%         N/A       100%        7


Dungeon Overview and Level Annotations

Branches:
Dungeon (10/15)            Temple (1/1) D:7
   Lair: D:8-11         Orc: D:9-12

Altars:
Ashenzari
Cheibriados
Dithmenos
Elyvilon
Fedhas
Gozag
Hepliaklqana
Kikubaaqudgha
Makhleb
Nemelex Xobeh
Okawaru
Qazlal
Ru
Sif Muna
Trog
Uskayaw
Vehumet
Wu Jian
Xom
Yredelemnul
Zin
The Shining One

Shops:
D:2 (


Innate Abilities, Weirdness & Mutations

You have a pair of horns on your head.
You reflexively headbutt those who attack you in melee.
You possess an exceptional clarity of mind.
Your spells are a little harder to cast, but a little more powerful.


Message History

You hear a croak.
You hear some strange, mumbled words.
A fireball appears from out of thin air!
The fireball explodes!
The fireball engulfs you!!
A bullfrog comes into view.
The bullfrog gives a loud, deep croak!
You hear some strange, mumbled words.
You hear some strange, mumbled words.
A fireball appears from out of thin air!
The fireball explodes!
The fireball engulfs you!!
You are cast into the Abyss!
This branch contains the abyssal rune of Zot.
Reactivating autopickup.
You start resting.
A tentacled starspawn coalesces out of seething chaos.
Tentacles burst from the starspawn's body! 2 starspawn tentacles come into view.
The starspawn tentacle grabs you. The starspawn tentacle constricts you.
The tentacled starspawn bites you!!
The tentacled starspawn barely misses you.
You barely miss the tentacled starspawn.
The starspawn tentacle loses its grip on you.
You bludgeon the tentacled starspawn!! You freeze the tentacled starspawn.
You headbutt the tentacled starspawn!
The tentacled starspawn is heavily damaged.
The starspawn tentacle completely misses you.
The tentacled starspawn bites you!!
The tentacled starspawn barely misses you.
The starspawn tentacle grabs you. The starspawn tentacle constricts you.
You escape the starspawn tentacle's grasp.
The starspawn tentacle grabs you. The starspawn tentacle constricts you.
The starspawn tentacle's grasp on you weakens, but your attempt to escape fails.
The starspawn tentacle constricts you. The tentacled starspawn bites you!!
* * * LOW HITPOINT WARNING * * *
The tentacled starspawn tentacle-slaps you!
* * * LOW HITPOINT WARNING * * *
Unknown command.
Unknown command.
You feel better. The starspawn tentacle constricts you.
The tentacled starspawn bites you!!
You die...

.# ... ### #..#
####.####....#
##......#..##.#
##........#.....
#.......w...#..# #
......∩@X.......
..#.......w.....#.
. ............#.#
.#............##
.#.............#
#.............#
#.............#
#..#..#.###.##.


You could see a tentacled starspawn and 2 starspawn tentacles.

Vanquished Creatures
  A hydra (D:10)
  A boulder beetle (D:9)
  A centaur warrior (D:9)
  A two-headed ogre (D:8)
  A manticore (D:9)
  2 cyclopes (D:9)
  Maggie (D:6)
  A freezing wraith (D:10)
  A kobold demonologist (D:9)
  2 hornets (D:9)
  A shadow (D:9)
  2 wraiths (D:9)
  3 wyverns
  A yak (D:9)
  Menkaure (D:7)
  Duvessa (D:7)
  A black bear (D:5)
  2 orc warriors (D:9)
  An ice beast (D:6)
  3 ogres
  2 centaurs
  3 phantoms
  A bullfrog (D:7)
  2 kobold brigands
  2 gnoll sergeants
  3 scorpions
  5 wights (D:9)
  Dowan (D:7)
  7 killer bees
  4 howler monkeys (D:9)
  7 hounds
  4 jellies
  4 orc priests
  2 gnoll shamans
  Crazy Yiuf (D:6)
  2 iguanas (D:5)
  Natasha (thrice) (D:3)
  7 orc wizards
  Robin (D:3)
  12 gnolls
  9 adders
  A shadow imp (D:6)
  A white imp (D:7)
  2 worms (D:2)
  2 dart slugs (D:4)
  27 orcs
  7 ball pythons
  6 endoplasms
  6 giant cockroaches
  14 goblins
  12 hobgoblins
  17 kobolds
  A quokka (D:1)
  7 bats
  2 frilled lizards
  2 rats
217 creatures vanquished.

Vanquished Creatures (collateral kills)
  A scorpion (D:6)
  A gnoll (D:6)
2 creatures vanquished.

Vanquished Creatures (others)
  4 fungi (D:1)
  4 plants (D:1)
8 creatures vanquished.

Grand Total: 227 creatures vanquished

Notes
Turn   | Place    | Note
-------+----------+-------------------------------------------
     0 | D:1      | SheriTansorma the Minotaur Fighter began the quest for the
                  | Orb.
     0 | D:1      | Reached XP level 1. HP: 19/19 MP: 0/0
   236 | D:1      | Reached XP level 2. HP: 20/27 MP: 1/1
  1162 | D:1      | Found a faded altar of an unknown god.
  1414 | D:2      | Found a hide-covered altar of Uskayaw.
  1813 | D:2      | Reached XP level 3. HP: 17/33 MP: 2/2
  2857 | D:2      | Reached XP level 4. HP: 38/40 MP: 3/3
  2879 | D:2      | Found Ydituapt's Antique Weapon Emporium.
  3208 | D:3      | Noticed Natasha
  3210 | D:3      | Killed Natasha
  3211 | D:3      | Reached skill level 1 in Short Blades
  3499 | D:3      | Noticed Natasha
  3515 | D:3      | Killed Natasha
  4093 | D:3      | Reached XP level 5. HP: 47/47 MP: 4/4
  4134 | D:3      | Found a large runed translucent door.
  4134 | D:3      | Found a large runed translucent door.
  4450 | D:3      | Found a shimmering altar of Xom.
  4454 | D:3      | Identified the +4 pair of gloves of the Snail {Str+3}
  4493 | D:3      | Noticed Robin
  4506 | D:3      | Killed Robin
  4507 | D:3      | Reached skill level 5 in Fighting
  4729 | D:3      | Noticed a phantom
  4761 | D:3      | Killed a phantom
  4784 | D:3      | Noticed Natasha
  4794 | D:3      | Killed Natasha
  4894 | D:3      | Found the +7 mace of Variability {chain chaos}
  5107 | D:3      | Reached XP level 6. HP: 45/57 MP: 5/5
  5718 | D:4      | Reached skill level 1 in Maces & Flails
  5719 | D:4      | Reached skill level 2 in Maces & Flails
  6082 | D:4      | Reached skill level 3 in Maces & Flails
  6221 | D:4      | Reached skill level 4 in Maces & Flails
  6518 | D:4      | Reached XP level 7. HP: 52/62 MP: 6/6
  6748 | D:4      | Reached skill level 5 in Maces & Flails
  7146 | D:5      | Entered Level 5 of the Dungeon
  7175 | D:5      | Reached skill level 6 in Maces & Flails
  7856 | D:5      | Reached skill level 7 in Maces & Flails
  8457 | D:5      | Reached skill level 8 in Maces & Flails
  8462 | D:5      | Reached XP level 8. HP: 45/70 MP: 7/7
  8710 | D:5      | Got the Incunabulum of Dark Air
  8775 | D:5      | Reached skill level 9 in Maces & Flails
  9052 | D:6      | Identified a scroll of acquirement
  9070 | D:6      | Reached skill level 10 in Maces & Flails
  9196 | D:6      | Reached skill level 11 in Maces & Flails
  9276 | D:6      | Noticed Maggie
  9282 | D:6      | Killed Maggie
  9283 | D:6      | Reached XP level 9. HP: 50/75 MP: 8/8
  9402 | D:6      | Found a glowing silver altar of Zin.
  9511 | D:6      | Reached skill level 12 in Maces & Flails
  9782 | D:6      | Found a runed translucent door.
  9783 | D:6      | Noticed Crazy Yiuf
  9787 | D:6      | Killed Crazy Yiuf
  9792 | D:6      | Identified the +5 mace of Wu Jian {vorpal, Dex+2}
  9814 | D:6      | Acquired a scarf of repulsion
 10314 | D:7      | Found a staircase to the Ecumenical Temple.
 10336 | D:7      | Noticed Duvessa
 10337 | D:7      | Noticed Dowan
 10343 | D:7      | Killed Duvessa
 10349 | D:7      | Killed Dowan
 10350 | D:7      | Reached skill level 13 in Maces & Flails
 10529 | Temple   | Entered the Ecumenical Temple
 11034 | D:7      | Noticed Menkaure
 11038 | D:7      | Killed Menkaure
 11762 | D:8      | Reached skill level 14 in Maces & Flails
 12348 | D:8      | Noticed a two-headed ogre
 12405 | D:8      | Killed a two-headed ogre
 12406 | D:8      | Reached skill level 15 in Maces & Flails
 12974 | D:8      | Gained mutation: Armour fits poorly on your strangely
                  | shaped body. [potion of mutation]
 12974 | D:8      | Gained mutation: Your flesh is heat resistant. (rF+)
                  | [potion of mutation]
 12975 | D:8      | Lost mutation: Your flesh is heat resistant. (rF+) [potion
                  | of mutation]
 12975 | D:8      | Lost mutation: Armour fits poorly on your strangely shaped
                  | body. [potion of mutation]
 12975 | D:8      | Gained mutation: You have hidden genetic defects. [potion
                  | of mutation]
 12976 | D:8      | Lost mutation: You have hidden genetic defects. [potion of
                  | mutation]
 12976 | D:8      | Gained mutation: You possess an exceptional clarity of
                  | mind. [potion of mutation]
 12976 | D:8      | Gained mutation: You are agile. (Dex +2) [potion of
                  | mutation]
 12976 | D:8      | Lost mutation: You are agile. (Dex +2) [potion of mutation]
 12976 | D:8      | Gained mutation: Your spells are a little harder to cast,
                  | but a little more powerful. [potion of mutation]
 12977 | D:8      | Acquired the amulet "Owubehek" {Regen+ MP+9}
 13195 | D:9      | Reached XP level 10. HP: 82/83 MP: 9/9
 13428 | Temple   | Became a worshipper of Warmaster Okawaru
 14028 | D:9      | Noticed a cyclops
 14134 | D:9      | Killed a cyclops
 14134 | D:9      | Reached * piety under Okawaru
 14135 | D:9      | Reached skill level 16 in Maces & Flails
 14353 | D:9      | Reached ** piety under Okawaru
 14413 | D:9      | Reached skill level 17 in Maces & Flails
 14422 | D:9      | Noticed a boulder beetle
 14432 | D:9      | Killed a boulder beetle
 14432 | D:9      | Reached *** piety under Okawaru
 14471 | D:9      | Noticed a cyclops
 14474 | D:9      | Killed a cyclops
 14474 | D:9      | Noticed a centaur warrior
 14475 | D:9      | Reached skill level 18 in Maces & Flails
 14479 | D:9      | Noticed a death knight
 14479 | D:9      | Noticed a cyclops
 14482 | D:9      | Killed a centaur warrior
 14483 | D:9      | Reached XP level 11. HP: 36/89 MP: 10/10
 14485 | D:9      | Noticed a five-headed hydra
 14486 | D:9      | Noticed a wizard
 14501 | D:10     | Entered Level 10 of the Dungeon
 14579 | D:10     | Killed a five-headed hydra
 14579 | D:10     | Reached **** piety under Okawaru
 14662 | D:9      | Cast into level 2 of the Abyss (a wizard)
 14706 | Abyss:2  | Noticed a tentacled starspawn
 14714 | Abyss:2  | HP: 1/89 [tentacled starspawn (7)]
 14715 | Abyss:2  | Mangled by a tentacled starspawn

Illustrated notes

Levels and vault maps discovered:
D:1:      saegor_arrival_simple_e, layout_loops_cross,
          shapermc_ecumenical_altar_ellora
D:2:      layout_loops_ring, basic_altar, serial_shops, shop_statue
D:3:      due_chaos_kobolds, layout_loops_ring, serial_bayou_pond_d,
          uniq_natasha, uniq_robin
D:4:      layout_cave_pods
D:5:      layout_basic
D:6:      layout_rooms, lemuel_crystal_altar, uniq_crazy_yiuf_cottage,
          uniq_maggie
D:7:      layout_basic, minmay_temple_entry_glass, uniq_menkaure, uniq_duvessa
D:8:      layout_rooms
D:9:      minmay_the_grid_square_5x5_4x4 [minmay_the_grid_square_5x5_slash,
          minmay_the_grid_square_5x5_shuriken,
          minmay_the_grid_square_5x5_two_walls_b,
          minmay_the_grid_square_5x5_trominoes,
          minmay_the_grid_square_5x5_forky,
          minmay_the_grid_square_5x5_prize_waves,
          minmay_the_grid_square_5x5_prize_open,
          minmay_the_grid_square_5x5_beaten_path,
          minmay_the_grid_square_5x5_inset,
          minmay_the_grid_square_5x5_prize_rear_guard,
          minmay_the_grid_square_5x5_prize_deathbox,
          minmay_the_grid_square_5x5_inverted_slash,
          minmay_the_grid_square_5x5_comb,
          minmay_the_grid_square_5x5_checkered_statues,
          minmay_the_grid_square_5x5_gyroscope,
          minmay_the_grid_square_5x5_inner_z], layout_rooms, serial_shops,
          nicolae_shop_crystal
D:10:     layout_basic, uniq_grum
Temple:   nicolae_temple_the_god_donut
Abyss:2:  base:
D:1

Skill      XL: |  1  2  3  4  5  6  7  8  9 10 |
---------------+-------------------------------+-----
Shields        | 4 |  4.3
Fighting       | 4 5 |  5.8
Armour         | 4 |  4.3
Short Blades   | 2 3 |  3.5
Maces & Flails | 4 8 11 15 18 | 18.9
Long Blades    | |  2.9
Polearms       | |  0.9

Action                   |  1- 3 |  4- 6 |  7- 9 | 10-12 || total
-------------------------+-------+-------+-------+-------++-------
Melee: Long sword        |    80 |       |       |       ||    80
       Headbutt          |    24 |    23 |    22 |     7 ||    76
       Spear             |    19 |       |       |       ||    19
       Dagger            |    52 |    99 |       |       ||   151
       Great mace        |       |    41 |   137 |    91 ||   269
Throw: Javelin           |       |     2 |     8 |     5 ||    15
       Dart              |       |       |     1 |       ||     1
Invok: Heroism           |       |       |       |     1 ||     1
  Use: Scroll            |     1 |     6 |    10 |     3 ||    20
       Potion            |       |       |     5 |     2 ||     7
Armor: Scale mail        |    23 |       |       |       ||    23
       Plate armour      |    49 |   117 |   138 |    70 ||   374
Dodge: Dodged            |    41 |    50 |    70 |    54 ||   215
       Repelled          |       |       |     2 |       ||     2
Block: Buckler           |    30 |     8 |       |       ||    38

Table legend: (Time is in decaauts)
 A = Elapsed time spent in this place.
 B = Non-inter-level travel time spent in this place.
 C = Inter-level travel time spent in this place.
 D = Time resting spent in this place.
 E = Time spent auto-exploring this place.
 F = Levels seen in this place.
 G = Mean time per level.
                   A        B        C        D        E       F      G
               +--------+--------+--------+--------+--------+-----+--------+
         Total |  14774 |  14327 |    447 |   6818 |   3321 |  12 | 1231.2 |
       Dungeon |  14277 |  13842 |    435 |   6774 |   3110 |  10 | 1427.7 |
        Temple |    444 |    432 |     12 |      0 |    211 |   1 |  444.0 |
         Abyss |     52 |     52 |      0 |     44 |      0 |   1 |   52.0 |
               +--------+--------+--------+--------+--------+-----+--------+

Top non-repeatable levels by time:
     D:3: 2523 daAuts
     D:5: 1923 daAuts
     D:2: 1779 daAuts
     D:8: 1497 daAuts
     D:7: 1494 daAuts
     D:4: 1459 daAuts
     D:1: 1437 daAuts
     D:9: 1109 daAuts
     D:6: 911 daAuts
  Temple: 444 daAuts
    D:10: 142 daAuts
 Abyss:2: 52 daAuts
